 Dungeon Crawl Stone Soup version 0.29-a0-286-g41199d4a87 (webtiles) character file.

Game seed: 13050994880983406462

60 Inarius the Ducker (level 3, -4/17 HPs)
             Began as a Felid Chaos Knight on Mar 16, 2022.
             Was a Plaything of Xom.
             Slain by a worm (12 damage)
             ... on level 2 of the Dungeon.
             The game lasted 00:02:17 (1681 turns).

Inarius the Ducker (Felid Chaos Knight)             Turns: 1681, Time: 00:02:17

Health: -4/17      AC:  1    Str:  8    XL:     3   Next: 82%
Magic:  4/4        EV: 18    Int:  9    God:    Xom [.....*]
Gold:   34         SH:  0    Dex: 15    Spells: 2/2 levels left
                                        Lives:  0   Deaths: 0

rFire   . . .      SeeInvis +     - Unarmed
rCold   . . .      Faith    .   (shield unavailable)
rNeg    . . .      Spirit   .   (body armour unavailable)
rPois   .          Reflect  .   (helmet unavailable)
rElec   .          Harm     .   (cloak unavailable)
rCorr   .          Rampage  .   (gloves unavailable)
Will    .....                   (boots unavailable)
Stlth   ++........              (no amulet)
HPRegen 0.05/turn               (no ring)
MPRegen 0.09/turn               (no ring)

@: unable to read, quick
A: very small, claws 1, fangs 3, see invisible, speed 1, shaggy fur 1, stealthy
paws, no weapons or thrown items, no armour, multi-lived, clumsy 1,
deterioration 1, dopey 2, screaming 1, inability to read while threatened
a: Renounce Religion


You were on level 2 of the Dungeon.
You worshipped Xom.
You were Xom's teddy bear.
You visited 1 branch of the dungeon, and saw 2 of its levels.

You collected 34 gold pieces.

Inventory:

Scrolls
 b - 2 scrolls of identify {unknown}
 e - a scroll of holy word {unknown}
 g - a scroll of fear {unknown}
 h - 2 scrolls of blinking {unknown}
 i - 2 scrolls of teleportation {unknown}
Potions
 c - a potion of curing {unknown}
 d - 2 potions of attraction {unknown}
 f - a potion of mutation {unknown}
 j - a potion of heal wounds {unknown}
 k - 2 potions of might {unknown}
Miscellaneous
 a - a piece from Xom's chessboard (15/15) (quivered)


   Skills:
 + Level 3.3 Fighting
 + Level 3.7 Dodging
 + Level 1.6 Stealth
 + Level 3.7 Unarmed Combat
 * Level 1.3 Evocations


You had 2 spell levels left.
You didn't know any spells.
Your spell library contained the following spells:

 Spells                   Type           Power      Damage    Failure   Level
 Sublimation of Blood     Necr           0%         N/A       52%         2
 Petrify                  Tmut/Erth      0%         N/A       99%         4
 Irradiate                Conj/Tmut      0%         3d13      100%        5


Dungeon Overview and Level Annotations

Branches:
Dungeon (2/15)

Altars:


Innate Abilities, Weirdness & Mutations

You have sharp claws.
You have razor-sharp teeth.
You have supernaturally acute eyesight. (SInv)
You cover ground quickly. (Speed+)
You are covered in fur. (AC +1)
Your paws help you pounce on unaware monsters.
You are incapable of wielding weapons or throwing items.
You cannot wear armour.
You gain extra lives every three experience levels.
You are clumsy. (Dex -2)
Your body sometimes deteriorates upon taking damage.
You are very dopey. (Int -4)
You occasionally shout uncontrollably at your foes.
You sometimes lose the ability to read scrolls when taking damage.


Message History

The worm is severely wounded.
The quokka twitches its whiskers.
You scratch the worm but do no damage. You bite the worm, but do no damage.
The worm is severely wounded.
The worm misses you.
You scratch the worm.
The worm is severely wounded.
The worm closely misses you.
You scratch the worm but do no damage. You claw the worm, but do no damage.
The worm is severely wounded.
You barely miss the worm.
The worm is severely wounded.
The adder hisses angrily.
The worm misses you.
You scratch the worm but do no damage.
The worm is severely wounded.
You barely miss the worm. You bite the worm.
The worm is almost dead.
The worm bites you.
The worm is engulfed in mutagenic fog.
The quokka is engulfed in mutagenic fog.
The quokka twists and deforms.
The adder is engulfed in mutagenic fog.
The adder twists and deforms.
You scratch the worm but do no damage.
The worm is heavily wounded.
You scratch the worm. Your bite misses the worm.
The worm is almost dead.
The worm bites you.
You feel threatened and lose the ability to read scrolls!
A shower of butterflies erupts from you!
You scratch the worm but do no damage.
The worm is severely wounded.
You scratch the worm. You bite the worm.
The worm is almost dead.
The worm barely misses you.
You scratch the worm.
The worm is almost dead.
The worm bites you!
Ouch! That really hurt!
You die...

###.#.# #. .#.....#
#. .#.#.### #.
.#.#.#####.
#.#.#.....#.
#.#.##.#..#.
#.#.#.## ..>
############......#
..
#..Srw@.b.b.##.###.#
# #.#########.#...#
.# #.# ##.#.#.##.#
#r# #......)..# #S#
#......###.# ...
#........# # ..$
#.........# ...
#.#........
..⌠...'...##.#####


You could see a worm (ally target), an adder (misshapen) and a quokka
(misshapen).

Vanquished Creatures
  An adder (D:2)
  4 dart slugs
  4 bats
  An endoplasm (D:2)
  2 giant cockroaches (D:1)
  6 goblins
  4 hobgoblins
  2 quokkas
  11 ball pythons
  2 frilled lizards (D:1)
  A kobold (D:1)
  3 rats
41 creatures vanquished.

Vanquished Creatures (others)
  A fungus (D:2)
1 creature vanquished.

Grand Total: 42 creatures vanquished

Notes
Turn   | Place    | Note
-------+----------+-------------------------------------------
     0 | D:1      | Inarius the Felid Chaos Knight began the quest for the Orb.
     0 | D:1      | Reached XP level 1. HP: 10/10 MP: 2/2
    49 | D:1      | XOM: silly message
   221 | D:1      | XOM: butterfly on damage
   281 | D:1      | XOM: silly message
   364 | D:1      | Reached XP level 2. HP: 11/14 MP: 3/3
   543 | D:1      | Reached skill level 1 in Stealth
   545 | D:1      | XOM: silly message
   758 | D:1      | XOM: noise
   779 | D:1      | XOM: silly message
   787 | D:1      | Reached skill level 1 in Evocations
   858 | D:1      | Reached XP level 3. HP: 11/17 MP: 4/4
  1361 | D:1      | XOM is BORED!
  1361 | D:1      | XOM: give mutations
  1361 | D:1      | Gained mutation: You are dopey. (Int -2) [Xom's mischief]
  1361 | D:1      | Gained mutation: You occasionally shout uncontrollably at
                  | your foes. [Xom's mischief]
  1385 | D:1      | XOM: silly message
  1464 | D:2      | XOM: confusion (+ monsters)
  1612 | D:2      | XOM: cloud trail
  1636 | D:2      | XOM: give mutations
  1636 | D:2      | Gained mutation: You sometimes lose the ability to read
                  | scrolls when taking damage. [Xom's mischief]
  1636 | D:2      | Gained mutation: Your body sometimes deteriorates upon
                  | taking damage. [Xom's mischief]
  1636 | D:2      | Gained mutation: You are clumsy. (Dex -2) [Xom's mischief]
  1636 | D:2      | Gained mutation: You are very dopey. (Int -4) [Xom's
                  | mischief]
  1678 | D:2      | XOM: butterfly on damage
  1681 | D:2      | Slain by a worm

Illustrated notes

Levels and vault maps discovered:
D:1:      dpeg_arrival_round_a, layout_basic, interstate_on_off,
          minmay_tromino_v4_a
D:2:      layout_loops_ring, hellmonk_ecumenical_altar_arch_garden,
          minmay_fountain_box, minmay_shallow_snake_nest

Skill      XL: |  1  2 |
---------------+-------+-----
Stealth        | 1 |  1.6
Evocations     | 1 |  1.3
Fighting       | |  3.3
Dodging        | |  3.7
Unarmed Combat | |  3.7

Action                   || total
-------------------------++-------
Melee: Unarmed           ||   121
       Bite              ||    11
       Punch             ||     2
 Stab: Sleeping          ||     4
       Distracted        ||     1
Armor: Skin              ||     1
Dodge: Dodged            ||    88

Table legend: (Time is in decaauts)
 A = Elapsed time spent in this place.
 B = Non-inter-level travel time spent in this place.
 C = Inter-level travel time spent in this place.
 D = Time resting spent in this place.
 E = Time spent auto-exploring this place.
 F = Levels seen in this place.
 G = Mean time per level.
                   A        B        C        D        E       F      G
               +--------+--------+--------+--------+--------+-----+--------+
         Total |   1527 |   1499 |     28 |    555 |    648 |   2 |  763.5 |
       Dungeon |   1527 |   1499 |     28 |    555 |    648 |   2 |  763.5 |
               +--------+--------+--------+--------+--------+-----+--------+

Top non-repeatable levels by time:
     D:1: 1185 daAuts
     D:2: 342 daAuts
